 Dungeon Crawl Stone Soup version 0.16-a0-2179-gb75b79b (webtiles) character file.

44 Medar the Insei (level 3, 0/18 HPs)
             Began as a Vine Stalker Warper on Nov 14, 2014.
             Slain by an adder (2 damage)
             ... on level 2 of the Dungeon.
             The game lasted 00:02:45 (1476 turns).

Medar the Insei (Vine Stalker Warper)               Turns: 1476, Time: 00:02:46

Health: 0/18       AC:  3    Str: 13    XL:     3   Next: 60%
Magic:  0/7        EV: 11    Int: 14    God:
Gold:   31         SH:  0    Dex: 13    Spells: 3 memorised, 1 level left

rFire  . . .     SeeInvis +       - Unarmed
rCold  . . .     Clarity  .     b - +0 leather armour
rNeg   . . .     SustAb   .     (no shield)
rPois  .         Gourm    +     (no helmet)
rElec  .         Spirit   +     (no cloak)
rCorr  .         Warding  .     (no gloves)
rMut   .         Stasis   .     (no boots)
MR     .....                    i - amulet of the gourmand
Stlth  +.........               (no ring)
                                p - ring of see invisible

@: very slightly contaminated, not resistant to hostile enchantments, very
unstealthy
A: fangs 2, regeneration 1, magic shield, antimagic bite, no device heal 3, rot
immunity
a: no special abilities


You were on level 2 of the Dungeon.
You were full.

You visited 1 branch of the dungeon, and saw 2 of its levels.

You collected 31 gold pieces.

Inventory:

Missiles
 e - 3 tomahawks of dispersal (quivered)
Armour
 b - a +0 leather armour (worn)
Jewellery
 i - an amulet of the gourmand (around neck)
 p - a ring of see invisible (left hand)
Scrolls
 d - a scroll of blinking
 k - a scroll of enchant weapon {unknown}
 l - a scroll of fear {unknown}
 n - a scroll of random uselessness {unknown}
 o - a scroll of teleportation {unknown}
Potions
 f - a potion of restore abilities
 j - a potion of cancellation {unknown}
Books
 c - a book of Spatial Translocations

   Spells                             Type                      Level
   *Apportation                       Translocation                1
   *Blink                             Translocation                2
   *Shroud of Golubria                Charms/Translocation         2
   Portal Projectile                  Translocation                3
   Teleport Other                     Translocation                3
   Passage of Golubria                Translocation                4
Comestibles
 a - a bread ration
 g - 2 beef jerkies
 m - a meat ration


   Skills:
 - Level 1.7 Fighting
 - Level 0.8 Throwing
 - Level 0.7 Armour
 - Level 1.5 Dodging
 - Level 3.8 Unarmed Combat
 + Level 2.1 Spellcasting
 + Level 0.2 Charms
 + Level 3.0 Translocations


You had one spell level left.
You knew the following spells:

 Your Spells              Type           Power        Failure   Level  Hunger
p - Apportation           Tloc           #.........   10%         1    #......
t - Shroud of Golubria    Chrm/Tloc      #.........   21%         2    ###....
w - Blink                 Tloc           N/A          12%         2    ###....


Dungeon Overview and Level Annotations

Branches:
Dungeon (2/15)

Altars:


Innate Abilities, Weirdness & Mutations

You have extremely sharp teeth.
Your natural rate of healing is unusually fast.
When hurt, damage is shared between your health and your magic reserves.
Your bite disrupts and absorbs the magic of your enemies.
Potions and wands cannot restore your health.
You are immune to rotting.


Message History

You feel sick. The adder bites you.
* * * LOW HITPOINT WARNING * * *
You are more poisoned.
The adder poisons you!
Your shroud falls apart!
The adder bites you.
* * * LOW HITPOINT WARNING * * *
Drink which item? (? for menu, Esc to quit)
You feel refreshed.
It was a potion of restore abilities.
* * * LOW HITPOINT WARNING * * *
You feel sick. The adder bites you but does no damage.
Drink which item? (? for menu, Esc to quit)
You feel better.
It was a potion of curing.
The adder barely misses you.
Casting: Shroud of Golubria
Confirm with . or Enter, or press ? or * to list all spells.
You don't have enough magic to cast that spell.
You hit the adder.
The adder is heavily wounded.
The adder bites you.
You die...

#. . #. ... .. #
#.. .# .# .# ..##
.##.##
....#..#.....#
....#..S.#....##
#..#.. #@.#......
#.#...##...#.....
#..........#..
##..#..#........
#......####.##
#..#.#.#### #
#....#....(.
#........#
#...#....#


You could see an adder.

Vanquished Creatures
  A gnoll (D:1)
  2 giant geckos (D:1)
  3 bats (D:1)
  3 giant cockroaches (D:1)
  3 goblins (D:1)
  3 hobgoblins (D:1)
  2 jackals (D:1)
  3 giant newts
  5 kobolds (D:1)
  5 rats (D:1)
30 creatures vanquished.

Notes
Turn   | Place    | Note
--------------------------------------------------------------
     0 | D:1      | Medar, the Vine Stalker Warper, began the quest for the Orb.
     0 | D:1      | Reached XP level 1. HP: 11/11 MP: 3/3
   298 | D:1      | Reached XP level 2. HP: 15/15 MP: 5/5
   333 | D:1      | Learned a level 2 spell: Blink
   336 | D:1      | Learned a level 2 spell: Shroud of Golubria
   472 | D:1      | Reached XP level 3. HP: 16/18 MP: 7/7
  1476 | D:2      | Slain by an adder

Action                   || total
-------------------------++-------
Melee: Unarmed           ||   108
Throw: Tomahawk          ||     2
 Cast: Shroud of Golubri ||     2
  Use: Potion            ||     2
  Eat: Chunk             ||     9
